 Dungeon Crawl Stone Soup version 0.30-b1-2-g02819fbbbe (webtiles) character file.

Game seed: 9904832405500362910

1587 suse60 the Nimble (level 8, -1/67 HPs)
             Began as a Merfolk Gladiator on Dec 5, 2023.
             Was a Believer of Kikubaaqudgha.
             Slain by Menkaure (17 damage)
             ... on level 5 of the Dungeon on Dec 6, 2023.
             The game lasted 00:39:24 (5147 turns).

suse60 the Nimble (Merfolk Gladiator)               Turns: 5147, Time: 00:39:24

Health: -1/67      AC:  7    Str: 16    XL:     8   Next: 92%
Magic:  8/8        EV: 15    Int:  7    God:    Kikubaaqudgha [**....]
Gold:   196        SH:  0    Dex: 16    Spells: 7/7 levels left

rFire   . . .        a - +1 trident (freeze)
rCold   . . .        (no shield)
rNeg    . . .        g - +0 ring mail
rPois   +            c - +1 helmet
rElec   .            (no cloak)
rCorr   .            (no gloves)
SInv    .            (no boots)
Will    .....        (no amulet)
Stlth   +            k - ring of poison resistance
HPRegen 0.31/turn    (no ring)
MPRegen 0.11/turn

%: no passive effects
@: no status effects
A: (nimble swimmer 2), mertail
a: Renounce Religion, Unearth Wretches


You were on level 5 of the Dungeon.
You worshipped Kikubaaqudgha.
Kikubaaqudgha was pleased with you.
You visited 1 branch of the dungeon, and saw 5 of its levels.
You also visited: Sewer.

You collected 196 gold pieces.

Inventory:

Hand Weapons
 a - a +1 trident of freezing (weapon)
Missiles
 e - a javelin (quivered)
 s - 5 curare-tipped darts
Armour
 c - a +1 helmet (worn)
 g - a +0 ring mail (worn)
Jewellery
 k - a ring of poison resistance (left hand)
Wands
 o - a wand of charming (7)
Scrolls
 b - 3 scrolls of enchant armour
 j - 3 scrolls of fog
 l - 2 scrolls of silence
 p - a scroll of brand weapon
 q - a scroll of blinking
 w - a scroll of teleportation
Potions
 d - a potion of might {unknown}
 f - 2 potions of lignification {unknown}
 h - 2 potions of heal wounds
 i - 4 potions of brilliance
 m - a potion of invisibility
 n - a potion of ambrosia {unknown}
 r - 3 potions of curing
 t - a potion of mutation {unknown}


   Skills:
 + Level 7.0 Fighting
 + Level 8.9 Polearms
 - Level 3.3 Throwing
 + Level 8.9 Dodging


You had 7 spell levels left.
You didn't know any spells.
Your spell library contained the following spells:

 Spells                   Type           Power      Damage    Failure   Level
 Beastly Appendage        Tmut           0%         N/A       65%         1
 Necrotise                Necr           0%         1d4       65%         1
 Cigotuvi's Dreadful Rot  Necr/Pois/Air  0%         N/A       80%         2
 Sublimation of Blood     Necr           0%         N/A       80%         2
 Wereblood                Tmut           0%         N/A       80%         2
 Portal Projectile        Hex/Tloc       0%         N/A       95%         3
 Spider Form              Tmut/Pois      0%         N/A       95%         3
 Tukima's Dance           Hex            0%         N/A       95%         3
 Vampiric Draining        Necr           0%         2d6       95%         3
 Volatile Blastmotes      Fire/Tloc      0%         2d10      95%         3
 Fulminant Prism          Conj/Hex       0%         3d5       100%        4
 Iskenderun's Mystic Bla  Conj/Tloc      0%         2d3       100%        4
 Blade Hands              Tmut           0%         N/A       100%        5
 Lee's Rapid Deconstruct  Erth           0%         3d4*      100%        5


Dungeon Overview and Level Annotations

Branches:
Dungeon (5/15)              Sewer (visited)
 Temple: D:4-7

Altars:
Kikubaaqudgha
Ru
Zin

Shops:
D:1 ?

Annotations:
D:3 1 runed translucent door, MrClown's ghost, amateur DsNe
D:5 Eustachio; Menkaure


Innate Abilities, Weirdness & Mutations

((You are very nimble when in or above water. (Stealth+, EV+, Speed+++)))
Your lower body shifts to a powerful aquatic tail in water.


Message History

You puncture the jelly! You freeze the jelly.
You kill the jelly!
Kikubaaqudgha accepts your kill.
Your Fighting skill increases to level 7!
A quokka comes into view.
Reach: a) +1 trident (freeze)
Press: ? - help, Dir - move target, f - quokka
Aim: a quokka (about 42% to evade your +1 trident of freezing)
You reach to attack!
You completely miss the quokka. You hit the quokka but do no damage.
The quokka bites you.
You hit the quokka. You freeze the quokka.
The quokka is heavily wounded.
The quokka closely misses you.
You hit the quokka. You freeze the quokka.
You kill the quokka!
Kikubaaqudgha accepts your kill.
Menkaure, Prince of Dust comes into view.
Found a robe.
Menkaure shouts!
Menkaure points at you and mumbles some strange words.
Pain shoots through your body!
You hit Menkaure. You freeze Menkaure.
Menkaure is lightly damaged.
Menkaure calls on the powers of darkness!
Your body is wracked with pain!
You puncture Menkaure! You freeze Menkaure.
Menkaure is heavily damaged.
Menkaure calls on the powers of darkness!
Your body is wracked with pain!
* * * LOW HITPOINT WARNING * * *
You completely miss Menkaure.
Menkaure is heavily damaged.
You hit Menkaure. You freeze Menkaure.
Menkaure is almost destroyed.
Menkaure closely misses you.
You barely miss Menkaure.
Menkaure is almost destroyed.
Menkaure hits you!
You die...
Kikubaaqudgha rasps: "You have failed me!
Welcome... death!"

#.# ......[....
#.# .#
........### #.#
.# ..........#
#.# .#
###.#####.. #.#
.# # ... #.. #.#
.##.#.#. #.. #.#
[....... #..
#.##..#.#
#..#####..
#..@M...#
#.........
####..###
#.###.†##.
.#########~.....
##~.†...~~~.....
#.~≈≈≈≈≈≈~.##.##
#..#########....
#..≈≈≈≈≈≈#####.#
##~~.!.~~~##...#
##≈≈≈≈≈≈..#...#


You could see Menkaure.

Vanquished Creatures
  Sigmund (D:2)
  A water moccasin (D:5)
  An orc warrior (D:5)
  An ice beast (D:5)
  A black bear (D:4)
  A centaur (D:3)
  A phantom (D:5)
  2 kobold brigands (Sewer)
  Blork the orc (D:5)
  A gnoll sergeant (D:5)
  A scorpion (D:5)
  A jelly (D:5)
  A gnoll bouda (D:5)
  An orc priest (D:3)
  4 hounds
  2 orc wizards (D:3)
  Robin (D:4)
  4 gnolls (D:5)
  10 adders
  3 worms
  4 dart slugs
  3 orcs (D:3)
  11 endoplasms
  6 giant cockroaches
  9 hobgoblins
  15 jackals
  16 kobolds
  8 quokkas
  20 ball pythons
  6 bats
  7 frilled lizards
  14 goblins
  16 rats
174 creatures vanquished.

Notes
Turn   | Place    | Note
-------+----------+-------------------------------------------
     0 | D:1      | suse60 the Merfolk Gladiator began the quest for the Orb.
     0 | D:1      | Reached XP level 1. HP: 16/16 MP: 1/1
    34 | D:1      | Reached XP level 2. HP: 11/23 MP: 2/2
   290 | D:1      | Reached XP level 3. HP: 28/28 MP: 3/3
   676 | D:1      | Found Uzojiq's Magic Scroll Shop.
   963 | D:2      | Found a faded altar of an unknown god.
  1066 | D:2      | Noticed Sigmund
  1117 | D:3      | Reached XP level 4. HP: 29/35 MP: 4/4
  1152 | D:3      | Noticed a centaur
  1164 | D:3      | Killed a centaur
  1165 | D:3      | Reached skill level 5 in Polearms
  1165 | D:3      | Reached skill level 5 in Dodging
  1165 | D:3      | Reached XP level 5. HP: 6/41 MP: 5/5
  1541 | D:3      | Found a sacrificial altar of Ru.
  1551 | D:3      | Reached XP level 6. HP: 41/48 MP: 6/6
  1659 | D:3      | Found a runed translucent door.
  1667 | D:3      | Noticed MrClown's ghost (amateur DsNe)
  1813 | D:3      | Found a glowing silver altar of Zin.
  2710 | D:2      | Killed Sigmund
  2711 | D:2      | Reached XP level 7. HP: 55/55 MP: 7/7
  2933 | D:4      | Noticed Robin
  3006 | D:4      | Killed Robin
  3279 | D:4      | Identified the +6 quarterstaff of Noynwol {pain, rN+}
  3339 | D:4      | Reached skill level 5 in Fighting
  3441 | D:5      | Entered Level 5 of the Dungeon
  3441 | D:5      | Found an ancient bone altar of Kikubaaqudgha.
  3446 | D:5      | Became a worshipper of Kikubaaqudgha
  3530 | D:5      | Noticed Blork the orc
  3544 | D:5      | Killed Blork the orc
  3595 | D:5      | Noticed Eustachio
  3705 | D:5      | Reached XP level 8. HP: 44/63 MP: 8/8
  3756 | D:5      | Found a glowing drain.
  3764 | Sewer    | Entered a sewer
  3918 | Sewer    | Reached * piety under Kikubaaqudgha
  3918 | Sewer    | Received a gift from Kikubaaqudgha
  4730 | D:5      | Reached ** piety under Kikubaaqudgha
  5132 | D:5      | Noticed Menkaure
  5147 | D:5      | Slain by Menkaure

Illustrated notes

Levels and vault maps discovered:
D:1:      dpeg_arrival_ratfight, layout_basic, serial_shops,
          nicolae_shop_waterfront
D:2:      minmay_evil_eye, layout_basic, basic_ecumenical_altar, uniq_sigmund
D:3:      layout_loops_ring, mainiacjoe_overflow_24_doors,
          nicolae_ru_great_annihilating_truth, ebering_ghost_sewer_d
D:4:      layout_rooms, uniq_robin
D:5:      layout_basic, lemuel_crystal_altar, gup_sewer_entry_pipe,
          nicolae_shop_i_like_small_books_too, minmay_misc_feat_tiny,
          sword_in_stone, uniq_menkaure

Skill      XL: |  1  2  3  4  5  6  7  8 |
---------------+-------------------------+-----
Fighting       | 3 4 5 7 |  7.0
Polearms       | 5 6 7 8 |  8.9
Throwing       | 3 |  3.3
Dodging        | 5 6 7 8 |  8.9

Action                     |  1- 3 |  4- 6 |  7- 9 || total
---------------------------+-------+-------+-------++-------
  Melee: Trident           |   151 |   117 |   277 ||   545
         Punch             |     2 |     1 |     2 ||     5
         Tailslap          |       |       |     4 ||     4
  Throw: Throwing net      |     4 |     3 |     2 ||     9
         Javelin           |       |     1 |     2 ||     3
         Dart              |       |       |     7 ||     7
    Use: Scroll            |     7 |     6 |     8 ||    21
         Potion            |       |     1 |     1 ||     2
   Stab: Sleeping          |     1 |       |     1 ||     2
         Held in net/web   |     2 |       |     1 ||     3
         Paralysed         |       |     1 |       ||     1
 Armour: Leather armour    |     5 |       |       ||     5
         Ring mail         |    41 |    30 |    49 ||   120
  Dodge: Dodged            |    94 |    57 |   130 ||   281
